 Dungeon Crawl Stone Soup version 0.30-a0-728-gc68057be0a (webtiles) character file.

Game seed: 9907546182536253966

2009 Angani the Grasshopper (level 9, -4/62 HPs)
             Began as a Black Draconian Necromancer on Jan 30, 2023.
             Was an Elder of Ashenzari.
             Killed from afar by a steam dragon (13 damage)
             ... with a ball of steam
             ... on level 7 of the Dungeon.
             The game lasted 00:19:03 (6394 turns).

Angani the Grasshopper (DrNe)                       Turns: 6394, Time: 00:19:03

Health: -4/62      AC: 13    Str: 10    XL:     9   Next: 2%
Magic:  16/20      EV: 12    Int: 22    God:    Ashenzari [****..]
Gold:   322        SH:  0    Dex: 12    Spells: 15/23 levels left

rFire   . . .      SeeInvis +    t - +9 spear of Ashenzari's Planets {venom, rElec Int+2, Bglg, Self} (curse)
rCold   . . .      Faith    .    (no shield)
rNeg    + . .      Spirit   .    (body armour unavailable)
rPois   +          Reflect  .    d - +2 hat "Bound Flawed Execution" {Comp, Cun} (curse)
rElec   +          Harm     .    (no cloak)
rCorr   .          Rampage  .    b - +0 pair of gloves "Share My Inconvenience" {Fort, Evo} (curse)
Will    .....      Clarity  +    j - +2 pair of boots "Behold Eternity" {Bglg, Comp} (curse)
Stlth   ++                       q - amulet of the Prescient Stars {Acrobat, Melee, Evo} (curse)
HPRegen 0.30/turn                k - ring of positive energy
MPRegen 0.17/turn                y - ring "Stellar Secrets" {rPois, Evo, Bglg} (curse)

@: animating dead
A: breathe lightning, AC +7, unfitting armour, electricity resistance,
cold-blooded
a: Breathe Lightning, Renounce Religion, Shatter the Chains


You were on level 7 of the Dungeon.
You worshipped Ashenzari.
Ashenzari was greatly pleased with you.
You visited 1 branch of the dungeon, and saw 7 of its levels.

You collected 322 gold pieces.

Inventory:

Hand Weapons
 t - the cursed +9 spear of Ashenzari's Planets (weapon) {venom, rElec Int+2, Bglg, Self}
   (You found it on level 3 of the Dungeon)

   Int:       It affects your intelligence (+2).
   rElec:     It insulates you from electricity.
   It has a curse which improves the following skills: Beguiling: Conjurations,
   Hexes and Translocations.
   Introspection: Fighting and Spellcasting.
Missiles
 c - 5 atropa-tipped darts
Armour
 b - the cursed +0 pair of gloves "Share My Inconvenience" (worn) {Fort, Evo}
   (You found it on level 1 of the Dungeon)

   It has a curse which improves the following skills: Fortitude: Shields.
   Evocations: Evocations.
 d - the cursed +2 hat "Bound Flawed Execution" (worn) {Comp, Cun}
   (You found it on level 1 of the Dungeon)

   It has a curse which improves the following skills: Companions: Summonings
   and Necromancy.
   Cunning:   Dodging and Stealth.
 j - the cursed +2 pair of boots "Behold Eternity" (worn) {Bglg, Comp}
   (You found it on level 1 of the Dungeon)

   It has a curse which improves the following skills: Beguiling: Conjurations,
   Hexes and Translocations.
   Companions: Summonings and Necromancy.
Jewellery
 k - a ring of positive energy (left hand)
 q - the cursed amulet of the Prescient Stars (around neck) {Acrobat, Melee, Evo}
   (You found it on level 2 of the Dungeon)

   [amulet of the acrobat]

   It increases your evasion while moving and waiting.
   It has a curse which improves the following skills: Melee Combat: Short
   Blades, Long Blades, Axes, Maces & Flails, Polearms, Staves and Unarmed
   Combat.
   Evocations: Evocations.
 y - the cursed ring "Stellar Secrets" (right hand) {rPois, Evo, Bglg}
   (You found it on level 6 of the Dungeon)

   [ring of poison resistance]

   rPois:     It protects you from poison.
   It has a curse which improves the following skills: Evocations: Evocations.
   Beguiling: Conjurations, Hexes and Translocations.
 A - a ring of magical power
Wands
 m - a wand of charming (3)
 v - a wand of roots (6)
 C - a wand of flame (24)
Scrolls
 e - a scroll of magic mapping
 h - 2 scrolls of vulnerability
 i - 5 scrolls of immolation
 n - a scroll of fear
 p - 4 scrolls of teleportation
 s - a scroll of brand weapon
 u - 3 scrolls of enchant armour
 x - a scroll of amnesia
 z - a scroll of enchant weapon
Potions
 a - 3 potions of magic
 f - 3 potions of heal wounds
 g - 3 potions of curing
 l - a potion of haste
 o - a potion of ambrosia
 r - 2 potions of resistance
 w - 3 potions of flight
 B - a potion of lignification


   Skills:
 + Level 6.4(8.4) Polearms
 - Level 1.7(3.1) Dodging
 - Level 1.7(3.1) Stealth
 - Level 5.6(7.5) Spellcasting
 - Level 5.5(8.4) Necromancy
 + Level 6.7(10.6) Translocations


You had 15 spell levels left.
You knew the following spells:

 Your Spells              Type           Power      Damage    Failure   Level
a - Necrotise             Necr           100%       1d9       1%          1
b - Gell's Gravitas       Tloc           53%        N/A       1%          3
c - Animate Dead          Necr           45%        N/A       2%          4

Your spell library contained the following spells:

 Spells                   Type           Power      Damage    Failure   Level
 Teleport Other           Tloc           53%        N/A       1%          3
 Vampiric Draining        Necr           45%        2d9       1%          3
 Agony                    Necr           45%        N/A       7%          5
 Freeze                   Ice            32%        1d5       8%          1
 Dispersal                Tloc           26%        N/A       16%         6
 Hailstorm                Conj/Ice       9%         3d4       22%         3
 Frozen Ramparts          Ice            16%        1d3       24%         3


Dungeon Overview and Level Annotations

Branches:
Dungeon (7/15)             Temple (0/1) D:5

Altars:
Ashenzari
Dithmenos
Okawaru
Sif Muna
The Shining One


Innate Abilities, Weirdness & Mutations

You can breathe wild blasts of lightning.
Your glossy black scales are hard. (AC +7)
You cannot fit into any form of body armour.
You are resistant to electric shocks. (rElec)
You are cold-blooded and may be slowed by cold attacks.


Message History

Your kobold brigand zombie barely misses the steam dragon.
You reach to attack!
You hit the steam dragon.
The steam dragon is poisoned.
The steam dragon is lightly wounded.
You are engulfed in a cloud of scalding steam.
The steam dragon bites your kobold brigand zombie!
The steam dragon claws your kobold brigand zombie.
You are too injured to fight recklessly!
You are too injured to fight recklessly!
You are too injured to fight recklessly!
Unknown command.
Found 2 throwing nets.
Your kobold zombie is engulfed in a cloud of scalding steam.
Your kobold zombie is destroyed!
Your kobold brigand zombie is engulfed in a cloud of scalding steam.
Your kobold brigand zombie is destroyed!
Things that are here:
a +0 dagger; a curare-tipped dart You reach to attack!
You hit the steam dragon.
The steam dragon looks as sick as possible!
The steam dragon is moderately wounded.
You reach to attack!
You hit the steam dragon.
The steam dragon looks as sick as possible!
The steam dragon is moderately wounded.
The steam dragon breathes steam at you. The ball of steam hits you!
You hear a shout!
You hear a bellow!
You hear a shout! x2
You are too injured to fight recklessly!
The steam dragon breathes steam at you. The ball of steam hits you!
* * * LOW HITPOINT WARNING * * *
You hear a shout!
Things that are here:
a +0 club; 6 poisoned darts You barely miss the steam dragon.
You tail-slap the steam dragon.
The steam dragon is severely wounded.
You are engulfed in a cloud of scalding steam.
* * * LOW HITPOINT WARNING * * *
The steam dragon breathes steam at you. The ball of steam hits you!
You die...

* *, .(., **,, *,
, , , ... ** ,,,,
, * * ,, ,... * *,
,* * #.# , * * , *
*, #.# *,### , , ,
##.##**...., , * *
#.####...##.?.# ,
, , *
#..§§.§§§D..# , ,
,,
######))@##...#*
,, ##§## # ,, *
***.##########.# *
** , *
............####.
,, ,
.#######..........
,,, *, ***
##.#######.#* ,,,
,, , ,,, ##...## *
* * ,, ,*
##...<.## ,* , ,,
*, ,, *
##.......## , **


You could see a steam dragon (extremely poisoned, catching breath).

Vanquished Creatures
  Pikel (D:5)
  Eustachio (D:6)
  A water moccasin (D:5)
  Edmund (D:5)
  2 black bears
  An ogre (D:6)
  2 lemures (D:5)
  A kobold brigand (D:7)
  A phantom (D:6)
  Blork the orc (D:5)
  A scorpion (D:4)
  3 jellies
  4 hounds
  Jessica (D:3)
  4 iguanas
  6 orc wizards
  3 adders
  7 gnolls
  A shadow imp (D:5)
  4 worms
  4 dart slugs
  11 orcs
  5 ball pythons
  5 bats
  6 endoplasms
  4 giant cockroaches
  3 goblins (D:2)
  6 hobgoblins
  3 jackals (D:2)
  2 quokkas
  3 frilled lizards
  13 kobolds
  5 rats
116 creatures vanquished.

Vanquished Creatures (collateral kills)
  A rat (D:2)
1 creature vanquished.

Vanquished Creatures (others)
  5 kobold zombies (D:7)
5 creatures vanquished.

Grand Total: 122 creatures vanquished

Notes
Turn   | Place    | Note
-------+----------+-------------------------------------------
     0 | D:1      | Angani the Draconian Necromancer began the quest for the
                  | Orb.
     0 | D:1      | Reached XP level 1. HP: 14/14 MP: 3/3
   346 | D:1      | Reached XP level 2. HP: 13/20 MP: 5/5
  1206 | D:2      | Reached XP level 3. HP: 25/26 MP: 5/7
  1323 | D:2      | Learned a level 3 spell: Gell's Gravitas
  1749 | D:2      | Found a faded altar of an unknown god.
  1756 | D:2      | Prayed at the altar of an unknown god.
  1756 | D:2      | Became a worshipper of Ashenzari the Shackled
  1864 | D:2      | Reached skill level 1 in Translocations
  1963 | D:2      | Reached XP level 4. HP: 33/33 MP: 2/8
  2507 | D:3      | Found a shadowy altar of Dithmenos.
  2516 | D:3      | Reached * piety under Ashenzari
  2626 | D:3      | Reached skill level 5 in Necromancy
  2778 | D:3      | Identified the +9 spear of the Dungeon {venom, rElec Int+2}
  2813 | D:3      | Noticed Jessica
  2819 | D:3      | Reached XP level 5. HP: 38/38 MP: 8/10
  2825 | D:3      | Killed Jessica
  3226 | D:3      | Reached ** piety under Ashenzari
  3814 | D:3      | Learned a level 4 spell: Animate Dead
  3820 | D:4      | Reached skill level 1 in Polearms
  3941 | D:4      | Reached XP level 6. HP: 37/45 MP: 1/11
  4088 | D:4      | Found a glowing golden altar of the Shining One.
  4155 | D:4      | Reached *** piety under Ashenzari
  4595 | D:4      | Found an iron altar of Okawaru.
  4836 | D:5      | Entered Level 5 of the Dungeon
  4876 | D:5      | Noticed a water moccasin
  4884 | D:5      | Killed a water moccasin
  4885 | D:5      | Your scales start taking on a glossy black colour.
  4885 | D:5      | Reached XP level 7. HP: 50/50 MP: 13/13
  4885 | D:5      | Gained mutation: You are resistant to electric shocks.
                  | (rElec) [Black Draconian growth]
  5001 | D:5      | Noticed Pikel
  5026 | D:5      | Noticed Edmund
  5032 | D:5      | Killed Pikel
  5033 | D:5      | Reached skill level 5 in Spellcasting
  5033 | D:5      | Reached XP level 8. HP: 57/57 MP: 10/18
  5037 | D:5      | Killed Edmund
  5038 | D:5      | Reached skill level 5 in Translocations
  5210 | D:5      | Found a staircase to the Ecumenical Temple.
  5231 | D:5      | Noticed Blork the orc
  5242 | D:5      | Killed Blork the orc
  5575 | D:6      | Noticed Eustachio
  5576 | D:6      | Found a shimmering blue altar of Sif Muna.
  5583 | D:6      | Reached skill level 5 in Polearms
  5692 | D:6      | Killed Eustachio
  5734 | D:6      | Reached **** piety under Ashenzari
  6375 | D:7      | Reached XP level 9. HP: 52/62 MP: 13/20
  6394 | D:7      | Killed from afar by a steam dragon

Illustrated notes

Levels and vault maps discovered:
D:1:      minmay_arrival_arboretum_large, layout_loops_corners,
          minmay_tromino_v2
D:2:      layout_loops_ring, shapermc_ecumenical_altar_gd, minmay_tripent
D:3:      layout_basic, old_standard_altar, minmay_crystal_water, uniq_jessica
D:4:      layout_loops_corners, lemuel_tele_altar, mainiacjoe_overflow_alcove_4
D:5:      layout_basic, minmay_temple_entry_slanted,
          eino_small_chamber_without_monster, uniq_blork_the_orc, uniq_edmund,
          uniq_pikel
D:6:      layout_loops_cross, mainiacjoe_overflow_chevrons, uniq_eustachio
D:7:      nicolae_cairo_tiling_large_dashed, layout_loops_ring,
          nzn_wu_jian_council_hall, minivault_27, uniq_crazy_yiuf_cottage

Skill      XL: |  1  2  3  4  5  6  7  8 |
---------------+-------------------------+-----
Spellcasting   | 3 4 5 |  5.6
Translocations | 1 2 3 4 6 |  6.7
Necromancy     | 5 |  5.5
Polearms       | 1 2 4 6 |  6.4
Dodging        | |  1.7
Stealth        | |  1.7

Action                     |  1- 3 |  4- 6 |  7- 9 || total
---------------------------+-------+-------+-------++-------
  Melee: Unarmed           |   217 |     3 |       ||   220
         Tailslap          |    27 |     8 |    13 ||    48
         Punch             |     1 |       |       ||     1
         Spear             |       |    54 |   142 ||   196
   Cast: Necrotise         |    36 |    36 |       ||    72
         Gell's Gravitas   |       |     2 |     4 ||     6
         Animate Dead      |       |       |     2 ||     2
 Invoke: Curse Item        |     1 |     3 |     2 ||     6
Ability: Breathe Lightning |       |       |     3 ||     3
    Use: Scroll            |       |     1 |       ||     1
         Potion            |       |     1 |       ||     1
   Stab: Sleeping          |     3 |     2 |     1 ||     6
         Distracted        |       |       |     1 ||     1
 Armour: Skin              |    97 |    26 |    26 ||   149
  Dodge: Dodged            |   166 |    31 |    51 ||   248

Table legend: (Time is in decaauts)
 A = Elapsed time spent in this place.
 B = Non-inter-level travel time spent in this place.
 C = Inter-level travel time spent in this place.
 D = Time resting spent in this place.
 E = Time spent auto-exploring this place.
 F = Levels seen in this place.
 G = Mean time per level.
                   A        B        C        D        E       F      G
               +--------+--------+--------+--------+--------+-----+--------+
         Total |   6359 |   6024 |    335 |    593 |   4445 |   7 |  908.4 |
       Dungeon |   6359 |   6024 |    335 |    593 |   4445 |   7 |  908.4 |
               +--------+--------+--------+--------+--------+-----+--------+

Top non-repeatable levels by time:
     D:3: 1551 daAuts
     D:1: 1188 daAuts
     D:2: 1077 daAuts
     D:4: 1019 daAuts
     D:6: 792 daAuts
     D:5: 670 daAuts
     D:7: 59 daAuts
